 Dungeon Crawl Stone Soup version 0.31.0-7-gf635a9b802 (webtiles) character file.

Game seed: 14998499962410468752

122288 ArclightPhoenix the Unseen (level 16, -17/85 HPs)
             Began as a Spriggan Enchanter on Jan 23, 2024.
             Was the Champion of Fedhas.
             Killed from afar by Nikola (65 damage)
             ... with an arc of chain lightning
             ... on level 3 of the Swamp.
             The game lasted 01:42:05 (36021 turns).

ArclightPhoenix the Unseen (Spriggan Enchanter)    Turns: 36021, Time: 01:42:05

Health: -17/85     AC:  9    Str:  4 (6)  XL:     16   Next: 34%
Magic:  22/31      EV: 28    Int: 26 (28) God:    Fedhas [******]
Gold:   2799       SH:  0    Dex: 22      Spells: 17/35 levels left

rFire   . . .        y - +9 rapier of the Bedazzling Pariah {protect, rElec rPois rCorr}
rCold   . . .        (no shield)
rNeg    . . .        N - +1 troll leather armour
rPois   +            (helmet restricted)
rElec   +            S - +0 cloak of Defence {Str+2 Dex+4}
rCorr   +            (gloves unavailable)
SInv    +            (boots unavailable)
Will    ++...        Q - amulet of the acrobat
Stlth   ++++++++     p - +6 ring of intelligence
HPRegen 1.14/turn    X - +4 ring of protection
MPRegen 0.22/turn

%: acrobat
@: confusing by touch, studying Invocations, very quick
A: very small, no large weapons, unfitting armour, see invisible, speed 3,
deterioration 1
a: Renounce Religion, Wall of Briars, Grow Ballistomycete, Overgrow, Grow Oklob


You were on level 3 of the Swamp.
You worshipped Fedhas.
Fedhas was exalted by your worship.
You visited 5 branches of the dungeon, and saw 26 of its levels.
You also visited: Gauntlet.

You collected 3185 gold pieces.
You spent 386 gold pieces at shops.

Inventory:

Hand Weapons
 y - the +9 rapier of the Bedazzling Pariah (weapon) {protect, rElec rPois rCorr}
   (You bought it in a shop on level 2 of the Orcish Mines)

   rElec:     It insulates you from electricity.
   rPois:     It protects you from poison rCorr: It protects you from acid and
   corrosion.
 E - a +0 rapier of electrocution
 M - a +0 dagger of venom
Missiles
 A - 7 throwing nets
 Z - 16 curare-tipped darts
Armour
 N - a +1 troll leather armour (worn)
 S - the +0 cloak of Defence (worn) {Str+2 Dex+4}
   (You found it in a Gauntlet)

   Str+2:     It affects your strength (+2).
   Dex+4:     It affects your dexterity (+4).
Jewellery
 a - a ring of protection from cold
 b - a ring of protection from fire
 k - a +4 ring of slaying
 o - an amulet of magic regeneration
 p - a +6 ring of intelligence (left hand)
 G - a ring of positive energy
 I - a ring of ice
 Q - an amulet of the acrobat (around neck)
 X - a +4 ring of protection (right hand)
 Y - a ring of positive energy
Talismans
 J - a dragon-blood talisman
Wands
 c - a wand of quicksilver (37)
 i - a wand of iceblast (10)
 v - a wand of digging (4)
 K - a wand of paralysis (4)
 T - a wand of flame (16)
Scrolls
 e - 7 scrolls of teleportation {@r3}
 f - 8 scrolls of immolation
 h - a scroll of brand weapon
 j - 8 scrolls of enchant weapon
 m - a scroll of identify {@r1}
 q - a scroll of blinking {@r4}
 r - 2 scrolls of fog {@r2}
 t - 6 scrolls of poison
 u - a scroll of silence {!r}
 B - 3 scrolls of enchant armour
 F - a scroll of amnesia
 P - 4 scrolls of revelation {@r5}
 W - a scroll of vulnerability {!r}
Potions
 d - 5 potions of heal wounds {@q1}
 g - 6 potions of attraction
 l - 9 potions of curing {@q2}
 n - 4 potions of haste {@q5}
 s - 3 potions of cancellation
 w - 5 potions of might {@q3}
 x - 6 potions of mutation
 z - 4 potions of ambrosia
 C - 4 potions of resistance
 D - a potion of invisibility
 H - 4 potions of lignification
 L - a potion of berserk rage
 O - 8 potions of enlightenment
 U - 4 potions of brilliance
Miscellaneous
 R - a lightning rod (4/4)
 V - a condenser vane (inert)


   Skills:
 - Level 10.0 Fighting
 - Level 10.0 Short Blades
 - Level 15.0 Dodging
 - Level 20.0 Stealth
 - Level 10.0 Spellcasting
 - Level 4.0 Conjurations
 + Level 16.3 Hexes
 - Level 5.1 Summonings
 - Level 4.0 Air Magic
 * Level 2.0 Earth Magic
 - Level 4.0 Alchemy
 + Level 10.6 Invocations


You had 17 spell levels left.
You knew the following spells:

 Your Spells              Type           Power      Damage    Failure   Level
a - Ensorcelled Hibernat  Hex/Ice        100%       N/A       1%          2
b - Confusing Touch       Hex            78%        N/A       1%          3
c - Dazzling Flash        Conj/Hex       100%       N/A       1%          3
d - Mephitic Cloud        Conj/Alch/Air  33%        N/A       4%          3
e - Enfeeble              Hex            39%        N/A       9%          7

Your spell library contained the following spells:

 Spells                   Type           Power      Damage    Failure   Level
 Slow                     Hex            100%       N/A       0%          1
 Sting                    Conj/Alch      100%       1d9       1%          1
 Summon Small Mammal      Summ           100%       N/A       1%          1
 Inner Flame              Hex/Fire       53%        N/A       1%          3
 Sigil of Binding         Hex            78%        N/A       1%          3
 Tukima's Dance           Hex            78%        N/A       1%          3
 Cause Fear               Hex            39%        N/A       1%          4
 Mercury Vapours          Alch/Air       66%        N/A       2%          2
 Anguish                  Hex/Necr       26%        N/A       2%          4
 Dimensional Bullseye     Hex/Tloc       26%        N/A       2%          4
 Summon Mana Viper        Hex/Summ       62%        N/A       2%          5
 Sandblast                Erth           46%        2d11      3%          1
 Silence                  Hex/Air        30%        N/A       3%          5
 Stone Arrow              Conj/Erth      56%        3d10      7%          3
 Apportation              Tloc           26%        N/A       9%          1
 Necrotise                Necr           52%        1d6       9%          1
 Passwall                 Erth           23%        N/A       11%         3
 Scorch                   Fire           26%        2d6       12%         2
 Sublimation of Blood     Necr           13%        N/A       12%         2
 Summon Lightning Spire   Summ/Air       36%        N/A       12%         4
 Fulminant Prism          Conj/Alch      16%        3d10      16%         4
 Olgreb's Toxic Radiance  Alch           33%        N/A       16%         4
 Animate Armour           Summ/Erth      62%        N/A       19%         4
 Fugue of the Fallen      Necr           13%        N/A       24%         3
 Vampiric Draining        Necr           13%        2d6       24%         3
 Volatile Blastmotes      Fire/Tloc      26%        2d12      24%         3
 Brom's Barrelling Bould  Conj/Erth      28%        2d5       24%         4
 Petrify                  Alch/Erth      28%        N/A       24%         4
 Flame Wave               Conj/Fire      23%        2d8       34%         4
 Iskenderun's Mystic Bla  Conj/Tloc      23%        2d6       34%         4
 Sticky Flame             Fire/Alch      23%        2d6       34%         4
 Alistair's Intoxication  Alch           22%        N/A       41%         5
 Irradiate                Conj/Alch      16%        3d17      41%         5
 Freezing Cloud           Conj/Ice/Air   13%        6-21      61%         5
 Summon Forest            Summ/Tloc      13%        N/A       61%         5
 Animate Dead             Necr           13%        N/A       63%         4
 Lee's Rapid Deconstruct  Erth           11%        3d8*      69%         5
 Borgnjor's Vile Clutch   Necr/Erth      9%         N/A       83%         5
 Summon Cactus Giant      Summ           19%        N/A       83%         6
 Curse of Agony           Necr           13%        N/A       92%         5
 Eringya's Noxious Bog    Alch           16%        4d6       94%         6
 Haunt                    Necr/Summ      13%        N/A       100%        7
 Borgnjor's Revivificati  Necr           6%         N/A       100%        8
 Infestation              Necr           6%         N/A       100%        8
 Death's Door             Necr           6%         N/A       100%        9


Dungeon Overview and Level Annotations

Branches:
Dungeon (15/15)            Temple (1/1) D:5            Lair (5/5) D:8
  Swamp (3/4) Lair:3       Spider (0/4) Lair:3        Slime (0/5) Lair:4
    Orc (2/2) D:11            Elf (0/3) Orc:2        Vaults (0/5) D:13
 Depths (0/4) D:15        Gauntlet (visited)

Altars:
Ashenzari
Cheibriados
Dithmenos
Elyvilon
Fedhas
Gozag
Hepliaklqana
Kikubaaqudgha
Makhleb
Nemelex Xobeh
Okawaru
Qazlal
Ru
Sif Muna
Trog
Uskayaw
Vehumet
Wu Jian
Xom
Yredelemnul
Zin
The Shining One
Jiyva

Shops:
D:2 ?   D:15 !!   Orc:1 ***[   Orc:2 !(((!

Annotations:
Swamp:3 Nikola


Innate Abilities, Weirdness & Mutations

You are very small and have problems with some larger weapons.
You are too small for most types of armour.
You have supernaturally acute eyesight. (SInv)
You cover ground extremely quickly. (Speed+++)
Your body sometimes deteriorates upon taking damage.


Message History

Aiming: Enfeeble (quite dangerous; 9% risk of failure)
Press: ? - help, Shift-Dir - straight line, f - Nikola
Aim: Nikola, wielding a +3 rapier of electrocution, wearing a +0 cloak of stealth and wearing a +0 pair of gloves (almost dead, will inflict weakness and antimagic, chance to daze and blind: 47%) Nikola partially resists.
Nikola is enfeebled!
Nikola completely misses you.
You feel much better.
Nikola casts a spell.
Nikola blinks!
Unknown command.
You are too injured to fight recklessly!
Casting: Enfeeble (quite dangerous; 9% risk of failure)
Confirm with . or Enter, or press ? or * to list all spells.
Okay, then.
Casting: Enfeeble (quite dangerous; 9% risk of failure)
Confirm with . or Enter, or press ? or * to list all spells.
Aiming: Ensorcelled Hibernation (safe; 1% risk of failure)
Press: ? - help, Shift-Dir - straight line, f/p - Nikola
Aim: Nikola, wielding a +3 rapier of electrocution, wearing a +0 cloak of stealth and wearing a +0 pair of gloves (almost dead, weak, magic disrupted, chance to affect: 3%)
Okay, then.
Unknown command.
You barely miss Nikola.
Nikola is almost dead.
Nikola splashes around in the water.
Casting: Ensorcelled Hibernation (safe; 1% risk of failure)
Confirm with . or Enter, or press ? or * to list all spells.
Your hands begin to glow red.
Nikola casts a spell.
Nikola blinks!
You see here a potion of might {@q3}.
Nikola hits you with a +3 rapier of electrocution!
You are too injured to fight recklessly!
You hit Nikola but do no damage.
Nikola is almost dead.
You hit Nikola but do no damage.
Nikola is almost dead.
Nikola gestures wildly while chanting.
Lightning arcs from Nikola's hands!
The bolt of lightning hits you!!! You resist.
Ouch! That really hurt!
You die...
Fedhas appreciates your contribution to the ecosystem.

♣♣♣ ♣♣..♣♣
♣♣....♣♣♣♣
♣♣♣~!.~~♣..♣♣
♣.~..~~...~..
♣.~§@.~..~~.♣
♣♣♣♣
♣~~~@..~~~.~♣.
...
♣♣......~~.~.~
~~~
♣♣~.......~.~
~~
♣~~...~~.~.~~
.
♣.......~~~~~
♣..♣♣.~~~~~~~
♣♣♣
♣..♣~~~..~§~~
♣♣~:
♣♣♣♣.~~...~~.~
♣~.~


You could see Nikola (weak, magic disrupted).

Vanquished Creatures
  Rupert (D:12)
  Frances (D:12)
  An ironbound thunderhulk (D:13)
  Nessos (D:13)
  Azrael (D:12)
  4 eleionomae
  A minotaur (Gauntlet)
  A dire elephant (Lair:5)
  A bunyip (Swamp:3)
  2 quicksilver dragon zombies (D:15)
  Josephine (Lair:3)
  The ghost of Reubyar the Impaler, a journeyman MiBe of Trog (Lair:2)
  Fannar (Orc:1)
  9 hydras
  A vault guard (D:13)
  Harold (Orc:1)
  An ice dragon (Lair:5)
  7 alligators
  2 catoblepae
  6 centaur warriors
  A ghost crab (Swamp:1)
  4 boulder beetles
  6 two-headed ogres
  15 death yaks
  4 tengu warriors
  A vampire mage (Lair:5)
  Urug (Orc:1)
  5 orc high priests (Orc:2)
  7 spriggans
  Nergalle (Lair:2)
  The ghost of sausages the Geomancer, a novice GrEE of Vehumet (D:9)
  A sixfirhy (D:15)
  4 goliath frogs
  3 skeletal warriors (D:15)
  Lodul (D:12)
  A skyshark (Lair:3)
  A flayed ghost (D:15)
  3 swamp dragons
  2 bog bodies (Swamp:1)
  A spriggan druid (Swamp:1)
  4 lindwurms
  A harpy (shapeshifter) (D:15)
  An orc knight (Orc:1)
  A necromancer (D:15)
  3 manticores
  2 ugly things
  2 orc sorcerers (Orc:2)
  2 cyclopes (D:12)
  4 kobold blastminers
  11 elephants
  The ghost of sarposarpo the Magician, a novice OpFE of Vehumet (D:7)
  4 black mambas
  A rust devil (D:15)
  Joseph (D:10)
  A gargoyle (D:13)
  A torpor snail (Lair:1)
  A smoke demon (D:15)
  15 cane toads
  An unseen horror (shapeshifter) (D:13)
  2 rime drakes
  11 komodo dragons
  An unseen horror (D:13)
  A kobold demonologist (D:10)
  2 tengu conjurers
  A red devil (D:15)
  3 polar bears (Lair:5)
  9 hornets
  4 trolls
  A hellwing (D:15)
  4 tyrant leeches
  2 dream sheep (Lair:5)
  27 blink frogs
  10 slime creatures
  4 shadows
  2 ynoxinuls
  A human (shapeshifter) (D:13)
  8 basilisks
  42 yaks
  2 wyverns
  5 wraiths
  3 neqoxecs (D:15)
  4 humans
  A small abomination (Gauntlet)
  2 fire elementals (D:12)
  2 steam dragons
  A chaos spawn (D:15)
  7 swamp worms
  5 acid dragons
  11 water moccasins
  2 hell hounds (D:12)
  A black bear (D:4)
  2 ice beasts (D:7)
  5 sky beasts
  4 swamp drakes (Lair:5)
  17 orc warriors
  A boggart (D:13)
  17 ogres
  10 wolves
  16 centaurs
  2 phantoms
  4 kobold brigands
  6 bullfrogs
  2 gnoll sergeants
  3 scorpions
  11 wights
  6 killer bees (D:9)
  6 electric eels
  A lava snake (D:7)
  A jelly (D:6)
  2 bombardier beetles
  3 gnoll boudas (D:5)
  36 orc priests
  4 hounds
  2 iguanas (D:5)
  29 orc wizards
  3 sleepcaps
  16 gnolls
  8 adders
  2 shadow imps
  6 ufetubi
  4 dart slugs
  A ribbon worm (D:4)
  66 orcs
  6 endoplasms
  3 giant cockroaches
  5 goblins
  5 hobgoblins
  2 jackals (D:1)
  2 quokkas (D:3)
  7 ball pythons
  5 bats
  A frilled lizard (D:2)
  21 kobolds
  9 rats
707 creatures vanquished.

Vanquished Creatures (others)
  An alligator (Swamp:1)
  A bog body (Swamp:1)
  A will-o-the-wisp (Swamp:3)
  A rime drake (Lair:5)
  A bloated husk (Swamp:1)
  An iguana (Lair:5)
6 creatures vanquished.

Grand Total: 713 creatures vanquished

Notes
Turn   | Place    | Note
-------+----------+-------------------------------------------
     0 | D:1      | ArclightPhoenix the Spriggan Enchanter began the quest for
                  | the Orb.
     0 | D:1      | Reached XP level 1. HP: 9/9 MP: 5/5
   206 | D:1      | Reached XP level 2. HP: 13/13 MP: 6/6
   211 | D:1      | Learned a level 2 spell: Ensorcelled Hibernation
   969 | D:2      | You fall into a shaft and drop 1 floor!
  1019 | D:3      | Reached skill level 5 in Stealth
  1028 | D:3      | Reached XP level 3. HP: 16/16 MP: 8/8
  1177 | D:2      | Found Motop's Magic Scroll Boutique.
  1261 | D:2      | Bought a scroll of teleportation for 42 gold pieces
  1818 | D:2      | Learned a level 3 spell: Confusing Touch
  1963 | D:3      | Reached XP level 4. HP: 21/21 MP: 4/9
  2278 | D:3      | Reached skill level 6 in Stealth
  2675 | D:4      | Reached XP level 5. HP: 13/24 MP: 5/10
  2805 | D:4      | Found an ancient bone altar of Kikubaaqudgha.
  2876 | D:4      | Reached skill level 7 in Stealth
  3103 | D:4      | Noticed a black bear
  3114 | D:4      | Killed a black bear
  3115 | D:4      | Reached XP level 6. HP: 28/28 MP: 4/11
  3367 | D:4      | Reached skill level 8 in Stealth
  3741 | D:4      | Noticed a sky beast
  3751 | D:4      | Killed a sky beast
  3752 | D:4      | Reached skill level 5 in Short Blades
  3796 | D:5      | Entered Level 5 of the Dungeon
  4107 | D:5      | Reached XP level 7. HP: 32/32 MP: 10/14
  4151 | D:5      | Reached skill level 5 in Hexes
  4760 | D:5      | Found a staircase to the Ecumenical Temple.
  4983 | Temple   | Entered the Ecumenical Temple
  5488 | D:5      | Reached XP level 8. HP: 37/37 MP: 12/15
  5537 | D:5      | Reached skill level 1 in Fighting
  5893 | D:6      | Reached skill level 5 in Dodging
  7105 | D:7      | Found a transporter.
  7113 | D:7      | Noticed sarposarpo's ghost (novice OpFE)
  7810 | D:7      | Found a transporter.
  7853 | D:7      | Reached XP level 9. HP: 39/44 MP: 2/16
  8049 | D:7      | Reached skill level 9 in Stealth
  8215 | D:7      | Found a stormy altar of Qazlal.
  8216 | D:7      | Found a sacrificial altar of Ru.
  8228 | D:7      | Found a sparkling altar of Nemelex Xobeh.
  8700 | D:7      | Found a blossoming altar of Fedhas.
  8705 | D:7      | Found a shadowy altar of Dithmenos.
  8891 | D:8      | Reached skill level 10 in Stealth
  9026 | D:7      | Became a worshipper of Fedhas Madash
  9548 | D:8      | Found a staircase to the Lair.
  9600 | D:8      | Reached skill level 11 in Stealth
 10100 | D:9      | Found a runed translucent door.
 10103 | D:9      | Noticed sausages's ghost (novice GrEE)
 10129 | D:9      | Reached skill level 12 in Stealth
 10131 | D:9      | Reached * piety under Fedhas
 10446 | D:9      | Reached skill level 5 in Spellcasting
 10446 | D:9      | Reached XP level 10. HP: 37/49 MP: 9/18
 10591 | D:9      | Noticed a two-headed ogre
 10598 | D:9      | Killed a two-headed ogre
 10738 | D:9      | Reached skill level 5 in Fighting
 11482 | D:10     | Entered Level 10 of the Dungeon
 11523 | D:10     | Noticed Joseph
 11527 | D:10     | Killed Joseph
 11776 | D:10     | Noticed a rust devil
 11816 | D:10     | Noticed a two-headed ogre
 11822 | D:10     | Killed a two-headed ogre
 11876 | D:10     | Reached ** piety under Fedhas
 12673 | D:10     | Reached XP level 11. HP: 48/56 MP: 13/21
 12783 | D:11     | Found a staircase to the Orcish Mines.
 12802 | D:11     | Reached *** piety under Fedhas
 12903 | D:11     | Reached skill level 10 in Hexes
 13007 | D:11     | Reached skill level 10 in Short Blades
 13311 | D:11     | Noticed a two-headed ogre
 13318 | D:11     | Killed a two-headed ogre
 13556 | D:11     | Noticed a two-headed ogre
 13560 | D:11     | Killed a two-headed ogre
 13683 | D:9      | Reached skill level 13 in Stealth
 13822 | Lair:1   | Entered Level 1 of the Lair of Beasts
 13984 | Lair:1   | Noticed an oklob plant
 14016 | Lair:1   | Noticed a boulder beetle
 14027 | Lair:1   | Killed a boulder beetle
 14028 | Lair:1   | Reached skill level 10 in Dodging
 14040 | Lair:1   | Reached skill level 14 in Stealth
 14081 | Lair:1   | Found a gate leading to a gauntlet.
 14090 | Gauntlet | Entered a Gauntlet
 14090 | Gauntlet | Noticed a sixfirhy
 14090 | Gauntlet | Found a transporter.
 14090 | Gauntlet | Found a transporter.
 14090 | Gauntlet | Found a transporter.
 14131 | Gauntlet | Found a transporter.
 14133 | Gauntlet | Found a transporter.
 14133 | Gauntlet | Found a large runed translucent door.
 14134 | Gauntlet | Found a large runed translucent door.
 14135 | Gauntlet | Found a large runed translucent door.
 14135 | Gauntlet | Found a large runed translucent door.
 14135 | Gauntlet | Found a runed translucent door.
 14136 | Gauntlet | Found a large runed translucent door.
 14137 | Gauntlet | Found a large runed translucent door.
 14138 | Gauntlet | Found a large runed translucent door.
 14138 | Gauntlet | Found a large runed translucent door.
 14139 | Gauntlet | Found a runed translucent gate.
 14141 | Gauntlet | Found a transporter.
 14145 | Gauntlet | Found a transporter.
 14159 | Gauntlet | Found a transporter.
 14164 | Gauntlet | Noticed a large abomination
 14246 | Gauntlet | Found a transporter.
 14248 | Gauntlet | Found a large runed translucent door.
 14249 | Gauntlet | Found a large runed translucent door.
 14250 | Gauntlet | Found a large runed translucent door.
 14250 | Gauntlet | Found a large runed translucent door.
 14250 | Gauntlet | Found a runed translucent door.
 14251 | Gauntlet | Found a large runed translucent door.
 14252 | Gauntlet | Found a large runed translucent door.
 14253 | Gauntlet | Found a large runed translucent door.
 14253 | Gauntlet | Found a large runed translucent door.
 14254 | Gauntlet | Found a runed translucent gate.
 14254 | Gauntlet | Found a runed translucent gate.
 14256 | Gauntlet | Found a transporter.
 14260 | Gauntlet | Found a transporter.
 14264 | Gauntlet | Noticed a blizzard demon
 14272 | Gauntlet | Found a transporter.
 14436 | Gauntlet | Identified the +0 cloak of Defence {Str+2 Dex+4}
 14462 | Gauntlet | Noticed a minotaur
 14470 | Gauntlet | Killed a minotaur
 14741 | Lair:1   | Reached skill level 15 in Stealth
 15147 | Lair:2   | Noticed a six-headed hydra
 15147 | Lair:2   | Noticed a seven-headed hydra
 15184 | Lair:1   | Killed a seven-headed hydra
 15271 | Lair:2   | Reached XP level 12. HP: 61/61 MP: 22/22
 15703 | Lair:2   | Reached **** piety under Fedhas
 15759 | Lair:2   | Noticed a death yak
 15759 | Lair:2   | Noticed a death yak
 15759 | Lair:2   | Noticed a death yak
 15759 | Lair:2   | Noticed a death yak
 15759 | Lair:2   | Noticed a death yak
 15759 | Lair:2   | Noticed a death yak
 15861 | Lair:2   | Found a runed translucent door.
 15864 | Lair:2   | Noticed Reubyar's ghost (journeyman MiBe)
 15881 | Lair:2   | Killed a six-headed hydra
 15904 | Lair:2   | Noticed Nergalle
 15927 | Lair:2   | Reached skill level 15 in Dodging
 16162 | Lair:2   | Killed Nergalle
 16529 | Lair:2   | Killed a death yak
 16530 | Lair:2   | Reached skill level 16 in Stealth
 16638 | Lair:1   | Killed a death yak
 16658 | Lair:1   | Learned a level 3 spell: Dazzling Flash
 17012 | Lair:2   | Killed a death yak
 17027 | Lair:2   | Killed a death yak
 17227 | Lair:2   | Killed a death yak
 17233 | Lair:2   | Killed a death yak
 17450 | Lair:3   | Reached skill level 17 in Stealth
 17630 | Lair:3   | Noticed Josephine
 18089 | Lair:3   | Killed Josephine
 18090 | Lair:3   | Reached XP level 13. HP: 52/68 MP: 19/23
 18454 | Lair:3   | Reached ***** piety under Fedhas
 18518 | Lair:3   | Found a hole to the Spider Nest.
 18596 | Lair:3   | Reached skill level 18 in Stealth
 18781 | Lair:3   | Found a staircase to the Swamp.
 19654 | Lair:4   | Found a viscous altar of Jiyva.
 19654 | Lair:4   | Found a staircase to the Slime Pits.
 19793 | Lair:4   | Reached skill level 19 in Stealth
 20202 | Lair:5   | Entered Level 5 of the Lair of Beasts
 20916 | Lair:5   | Reached skill level 20 in Stealth
 21002 | Lair:5   | Noticed a dire elephant
 21008 | Lair:5   | Reached skill level 10 in Fighting
 21038 | Lair:5   | Reached skill level 1 in Summonings
 21295 | Lair:5   | Reached XP level 14. HP: 75/77 MP: 19/25
 21754 | Lair:5   | Reached ****** piety under Fedhas
 22923 | Lair:5   | Found a runed translucent door.
 25125 | Orc:1    | Entered Level 1 of the Orcish Mines
 25266 | Orc:1    | Learned a level 3 spell: Mephitic Cloud
 25276 | Orc:2    | Entered Level 2 of the Orcish Mines
 25297 | Orc:2    | Found Kouchy's Distillery.
 25360 | Orc:1    | Noticed Harold
 25367 | Orc:1    | Killed Harold
 25368 | Orc:1    | Noticed Fannar
 25375 | Orc:1    | Killed Fannar
 25376 | Orc:1    | Reached skill level 1 in Alchemy
 25417 | Orc:1    | Found Qeoqudenk's General Store.
 25423 | Orc:1    | Noticed Urug
 25482 | Orc:1    | Killed Urug
 25485 | Orc:1    | Reached skill level 5 in Summonings
 25485 | Orc:1    | Reached skill level 1 in Air Magic
 25485 | Orc:1    | Found Dydd's Assorted Antiques.
 25528 | Orc:1    | Reached skill level 1 in Conjurations
 25656 | Orc:1    | Bought a lumpy brown potion for 25 gold pieces
 25676 | Orc:1    | Found Aahown's Alliterative Armaments.
 25687 | Orc:1    | Found Ideubiri's Antique Armour Shoppe.
 27192 | Orc:2    | Found Iveefim's Antique Weapon Emporium.
 27192 | Orc:2    | Found Laikhaw's Antique Weapon Emporium.
 27703 | Orc:2    | Found Epraif's Weapon Shoppe.
 27739 | Orc:2    | Found Iverr's Distillery.
 27789 | Orc:2    | Bought a potion of heal wounds for 65 gold pieces
 27853 | Orc:2    | Found a staircase to the Elven Halls.
 28049 | Orc:2    | Bought an ancient rapier for 144 gold pieces
 28049 | Orc:2    | Identified the +9 rapier of the Bedazzling Pariah {protect,
                  | rElec rPois rCorr} (You bought it in a shop on level 2 of
                  | the Orcish Mines)
 28125 | D:11     | Learned a level 7 spell: Enfeeble
 28139 | D:12     | Noticed Lodul
 28143 | D:12     | Noticed Rupert
 28444 | D:12     | Noticed Azrael
 28505 | D:12     | Killed Azrael
 28506 | D:12     | Reached skill level 10 in Spellcasting
 28506 | D:12     | Reached XP level 15. HP: 80/80 MP: 28/30
 28746 | D:12     | Killed Lodul
 29021 | D:12     | Killed Rupert
 29355 | D:12     | Noticed Frances
 29362 | D:12     | Killed Frances
 29669 | D:13     | Noticed Nessos
 29687 | D:13     | Killed Nessos
 30389 | D:13     | Found a gate to the Vaults.
 30488 | D:14     | Found an ornate altar of the Wu Jian Council.
 31122 | D:15     | Entered Level 15 of the Dungeon
 31175 | D:15     | Found a white marble altar of Elyvilon.
 31333 | D:15     | Found Loiracid's Distillery.
 31362 | D:15     | Reached skill level 15 in Hexes
 31368 | D:15     | Reached skill level 1 in Invocations
 31434 | D:15     | Bought a potion of heal wounds for 55 gold pieces
 31434 | D:15     | Bought a potion of heal wounds for 55 gold pieces
 31481 | D:15     | Found a staircase to the Depths.
 31802 | D:15     | Reached skill level 5 in Invocations
 32105 | D:15     | Gained mutation: Your body sometimes deteriorates upon
                  | taking damage. [a neqoxec]
 32143 | D:15     | Found Ogiezipa's Distillery.
 32708 | D:7      | Killed sarposarpo's ghost
 32956 | D:9      | Killed sausages's ghost
 33121 | Lair:2   | Killed Reubyar's ghost
 33213 | Swamp:1  | Entered Level 1 of the Swamp
 33564 | Swamp:1  | Reached XP level 16. HP: 71/85 MP: 5/31
 34451 | Swamp:1  | You fall into a shaft and drop 1 floor!
 34470 | Swamp:2  | Identified the +7 ring mail of Diefoe {rF+++ Int-4 Dex-3
                  | Stlth+}
 34606 | Swamp:2  | Reached skill level 10 in Invocations
 35620 | Swamp:3  | Reached skill level 1 in Earth Magic
 35638 | Swamp:3  | Noticed a thorn hunter
 35769 | Swamp:3  | Noticed a thorn hunter
 35986 | Swamp:3  | Noticed a thorn hunter
 36005 | Swamp:3  | Noticed Nikola
 36021 | Swamp:3  | Killed from afar by Nikola

Illustrated notes

Levels and vault maps discovered:
D:1:      dpeg_arrival_lava_temple_mockup, layout_loops_ring, st_stairs_2,
          grunt_decor_arrowhead, nrook_campfire
D:2:      layout_basic, serial_shops, shop_statue, hangedman_decor_peaks_small,
          solitary_fountain
D:3:      layout_rooms, minmay_unequal
D:4:      layout_cave_pools, kiku_gazebo_pond_becter, eino_curves_04
D:5:      layout_basic, minmay_temple_entry_offerings,
          ebering_dispersal_statue_hall, chequers_garden
D:6:      wad_woods_pond, layout_basic
D:7:      layout_loops_ring, nicolae_overflow_hidden_temple,
          gammafunk_ghost_smash, serial_glass, glass_columns_a, glass_columns_b,
          kennysheep_big_empty_room
D:8:      layout_loops_ring, lair_entry_dummy
D:9:      layout_long_grid, hellmonk_ghost_big_iron
D:10:     layout_stronghold, st_stairs_12, uniq_joseph
D:11:     layout_irregular_city, david_orc_2
D:12:     layout_gridville, minmay_unpleasant_kobolds, uniq_lodul, uniq_frances,
          uniq_azrael, uniq_rupert
D:13:     layout_basic, hellmonk_vaults_keyhole, uniq_nessos
D:14:     layout_big_octagon, nicolae_wu_jian_wuxing_cycle
D:15:     gammafunk_depths_entry_grave, layout_rooms, serial_shops,
          nicolae_shop_tiny_waterfront, shop, nicolae_elyvilon_temple_path,
          serial_demonic, serial_demonic_f, serial_demonic_e, serial_demonic_f,
          serial_demonic_c
Temple:   compressed_dpeg_triangle_lava_temple
Lair:1:   layout_cellular_growth, gauntlet_entry_generic
Lair:2:   layout_loops_ring, hellmonk_ghost_happy_afterlife, grunt_megastairs_5,
          serial_bayou_shore_b, serial_bayou_shore_a, uniq_nergalle
Lair:3:   layout_cave_pods, swamp_mist_pool, spider_nest_entry_web_field,
          serial_bayou_pond_c, chequers_serial_rivers_micro_a,
          beast_lair_carwin_1, uniq_josephine
Lair:4:   layout_misc_corridors, slime_entry_1, infiniplex_staircase_pool
Lair:5:   hangedman_lair_in_review, layout_long_grid, guppyfry_lair_end_dragon,
          pdpol_lair_cabin_in_the_woods
Swamp:1:  layout_basic_swamp, nicolae_swamp_triple_paths,
          nicolae_swamp_big_swirl
Swamp:2:  layout_basic_swamp, nicolae_swamp_trees_clearing, swamp_pool_4
Swamp:3:  layout_basic_swamp, nicolae_swamp_bean_lake, swamp_pool_4,
          uniq_jorgrun, uniq_nikola
Orc:1:    layout_diamond_mine, basic_altar, serial_shops,
          nicolae_shop_behind_doors, shop, shop, monkooky_shop_alliterative,
          uniq_urug, uniq_fannar, uniq_harold
Orc:2:    st_orc_mages, layout_diamond_mine, serial_shops,
          nicolae_shop_pleasant_corner_grove, nicolae_orc_seminary

Skill      XL: |  1  2  3  4  5  6  7  8  9 10 11 12 13 14 15 16 |
---------------+-------------------------------------------------+-----
Dodging        | 3 8 12 15 | 15.0
Hexes          | 4 8 9 10 11 15 16 | 16.3
Stealth        | 5 6 7 8 12 15 17 20 | 20.0
Short Blades   | 2 3 4 5 8 9 10 | 10.0
Spellcasting   | 4 5 6 10 | 10.0
Fighting       | 3 6 7 10 | 10.0
Summonings     | 2 5 |  5.1
Alchemy        | 3 4 |  4.0
Air Magic      | 2 4 |  4.0
Conjurations   | 2 4 |  4.0
Invocations    | 8 10 | 10.6
Earth Magic    | 2 |  2.0

Action                     |  1- 3 |  4- 6 |  7- 9 | 10-12 | 13-15 | 16-18 || total
---------------------------+-------+-------+-------+-------+-------+-------++-------
  Melee: Dagger            |    62 |    70 |   205 |       |       |       ||   337
         Punch             |       |     1 |     1 |     3 |    16 |     1 ||    22
         Short sword       |       |       |    16 |   349 |   543 |       ||   908
         Rapier            |       |       |       |       |   298 |    75 ||   373
   Cast: Ensorcelled Hiber |    20 |    55 |   122 |   136 |   419 |    29 ||   781
         Confusing Touch   |       |       |    20 |    25 |    45 |     2 ||    92
         Dazzling Flash    |       |       |       |    12 |    51 |       ||    63
         Mephitic Cloud    |       |       |       |       |    10 |     1 ||    11
         Enfeeble          |       |       |       |       |     9 |    16 ||    25
  Evoke: Wand              |       |       |     6 |       |    13 |       ||    19
         Condenser vane    |       |       |       |       |     1 |     1 ||     2
    Use: Scroll            |       |       |     7 |    13 |    12 |     6 ||    38
         Potion            |       |       |       |     1 |     2 |     3 ||     6
   Stab: Sleeping          |    27 |    34 |    82 |    97 |   258 |    23 ||   521
         Confused          |       |       |    17 |    32 |    65 |     2 ||   116
         Distracted        |       |       |     2 |     1 |     8 |     1 ||    12
         Paralysed         |       |       |     4 |       |     1 |       ||     5
         Invisible         |       |       |       |    11 |    40 |     8 ||    59
 Armour: Robe              |    13 |    33 |    88 |    15 |       |       ||   149
         Troll leather arm |       |       |       |    89 |   285 |    62 ||   436
  Dodge: Dodged            |    36 |    60 |   236 |   308 |   957 |   162 ||  1759
